 Dungeon Crawl Stone Soup version 0.31-a0-1071-gaead2f62b1 (webtiles) character file.

Game seed: 8321752213855754749

35 RepHenryClay the Grasshopper (level 3, -2/29 HPs)
             Began as a Ghoul Warper on Nov 26, 2023.
             Slain by an adder (4 damage)
             ... on level 2 of the Dungeon.
             The game lasted 00:02:39 (1239 turns).

RepHenryClay the Grasshopper (Ghoul Warper)         Turns: 1239, Time: 00:02:40

Health: -2/29      AC:  3    Str: 16    XL:     3   Next: 33%
Magic:  4/4        EV: 11    Int: 12    God:
Gold:   49         SH:  0    Dex:  8    Spells: 5/5 levels left

rFire   . . .        a - +0 mace
rCold   + . .        (no shield)
rNeg    + + +        b - +0 leather armour
rPois   ∞            (no helmet)
rElec   .            (no cloak)
rCorr   .            (no gloves)
SInv    .            (no boots)
Will    .....        (no amulet)
Stlth   +            (no ring)
HPRegen 0.00/turn    (no ring)
MPRegen 0.09/turn

%: no passive effects
@: inhibited regen
A: claws 1, cold resistance 1, negative energy resistance 3, inhibited
regeneration, torment resistance 2, devour on kill
a: no special abilities


You were on level 2 of the Dungeon.
You visited 1 branch of the dungeon, and saw 2 of its levels.

You collected 49 gold pieces.

Inventory:

Hand Weapons
 a - a +0 mace (weapon)
Missiles
 d - 7 darts of dispersal (quivered)
 f - 5 poisoned darts
Armour
 b - a +0 leather armour (worn)
Scrolls
 c - 2 scrolls of blinking
 e - a scroll of revelation {unknown}
 g - a scroll of teleportation {unknown}
 i - a scroll of identify {unknown}


   Skills:
 - Level 2.1 Fighting
 + Level 2.6 Maces & Flails
 - Level 0.8 Throwing
 + Level 2.1 Armour
 - Level 1.7 Dodging
 - Level 1.7 Spellcasting
 - Level 2.6 Translocations


You had 5 spell levels left.
You didn't know any spells.
Your spell library contained the following spells:

 Spells                   Type           Power      Damage    Failure   Level
 Blink                    Tloc           14%        N/A       17%         2
 Lesser Beckoning         Tloc           14%        N/A       17%         2
 Momentum Strike          Conj/Tloc      8%         3d8       30%         2
 Teleport Other           Tloc           7%         N/A       34%         3
 Manifold Assault         Tloc           7%         N/A       75%         4
 Vhi's Electric Charge    Tloc/Air       8%         N/A       89%         4


Dungeon Overview and Level Annotations

Branches:
Dungeon (2/15)

Altars:


Innate Abilities, Weirdness & Mutations

You are immune to poison.
You have sharp fingernails.
Your flesh is cold resistant. (rC+)
You are immune to negative energy. (rN+++)
You do not regenerate when monsters are visible.
You are immune to unholy pain and torment.
You thrive by killing the living.


Message History

The adder barely misses you.
Damage: -7%(-2hp) hp: 38%(11hp) Welcome back, RepHenryClay the Ghoul Warper.
Press ? for a list of commands and other information.
The adder bites you but does no damage. The adder attacks as it pursues you!
The adder barely misses you. The adder completely misses you.
The adder bites you.
* * * LOW HITPOINT WARNING * * *
Damage: -3%(-1hp) hp: 35%(10hp) Welcome back, RepHenryClay the Ghoul Warper.
Press ? for a list of commands and other information.
You barely miss the adder. The adder closely misses you.
You closely miss the adder. The adder bites you.
* * * LOW HITPOINT WARNING * * *
The adder closely misses you.
Huge Dmg: -10%(-3hp) hp: 25%(7hp) Welcome back, RepHenryClay the Ghoul Warper.
Press ? for a list of commands and other information.
You miss the adder. The adder bites you.
* * * LOW HITPOINT WARNING * * *
The adder barely misses you.
Huge Dmg: -7%(-2hp) hp: 18%(5hp) Welcome back, RepHenryClay the Ghoul Warper.
Press ? for a list of commands and other information.
It was a potion of berserk rage.
You feel slightly irritated. The adder barely misses you.
You barely miss the adder. The adder bites you but does no damage.
The adder closely misses you.
You sock the adder!
The adder is severely wounded.
The adder bites you but does no damage. The adder bites you.
* * * LOW HITPOINT WARNING * * *
Huge Dmg: -11%(-3hp) hp: 7%(2hp) Welcome back, RepHenryClay the Ghoul Warper.
Press ? for a list of commands and other information.
You completely miss the adder.
The adder is severely wounded.
The adder bites you.
You die...

.............#
####..#
.............#
#.....
..........!..#
#....
......$......# #..#
.............###..#
#............##..#
#.......$......Sl#
###.......##S#
#..........#@#
#.##.......#.# #..
#.......#.# #..
#.......#.#
...####.......#.#
.......).......#.#
########.......#.#
..............#.#
#########.......#


You could see an adder, a ball python and a frilled lizard.

Vanquished Creatures
  2 worms (D:2)
  A dart slug (D:1)
  A ball python (D:1)
  An endoplasm (D:1)
  A giant cockroach (D:1)
  4 hobgoblins (D:1)
  4 jackals (D:1)
  A kobold (D:1)
  2 quokkas (D:1)
  2 frilled lizards
  3 goblins
  A rat (D:1)
23 creatures vanquished.

Notes
Turn   | Place    | Note
-------+----------+-------------------------------------------
     0 | D:1      | RepHenryClay the Ghoul Warper began the quest for the Orb.
     0 | D:1      | Reached XP level 1. HP: 17/17 MP: 2/2
    76 | D:1      | Reached skill level 1 in Armour
   162 | D:1      | Reached XP level 2. HP: 13/24 MP: 3/3
   613 | D:1      | Reached XP level 3. HP: 29/29 MP: 4/4
  1239 | D:2      | Slain by an adder

Illustrated notes

Levels and vault maps discovered:
D:1:      lemuel_arrival_lava_pool, layout_loops_ring, minmay_shallow_snake_nest
D:2:      layout_basic

Skill      XL: |  1  2  3 |
---------------+----------+-----
Armour         | 1 2 |  2.1
Maces & Flails | 2 |  2.6
Fighting       | |  2.1
Throwing       | |  0.8
Dodging        | |  1.7
Spellcasting   | |  1.7
Translocations | |  2.6

Action                     || total
---------------------------++-------
  Melee: Mace              ||   119
         Punch             ||     1
    Use: Potion            ||     1
 Armour: Leather armour    ||    85
  Dodge: Dodged            ||    75

Table legend: (Time is in decaauts)
 A = Elapsed time spent in this place.
 B = Non-inter-level travel time spent in this place.
 C = Inter-level travel time spent in this place.
 D = Time resting spent in this place.
 E = Time spent auto-exploring this place.
 F = Levels seen in this place.
 G = Mean time per level.
                   A        B        C        D        E       F      G
               +--------+--------+--------+--------+--------+-----+--------+
         Total |   1271 |   1260 |     11 |     40 |    972 |   2 |  635.5 |
       Dungeon |   1271 |   1260 |     11 |     40 |    972 |   2 |  635.5 |
               +--------+--------+--------+--------+--------+-----+--------+

Top non-repeatable levels by time:
     D:1: 947 daAuts
     D:2: 324 daAuts
